 Dungeon Crawl Stone Soup version 0.27.1-33-g824d729ab1 (webtiles) character file.

Game seed: 5727254973740480967

149 barney the Changer (level 5, 0/60 HPs)
             Began as a Draconian Transmuter on Dec 20, 2021.
             Succumbed to a scorpion's poison
             ... on level 4 of the Dungeon.
             The game lasted 00:02:29 (3690 turns).

barney the Changer (Draconian Transmuter)           Turns: 3690, Time: 00:02:30

Health: 0/60       AC:  6    Str: 12    XL:     5   Next: 9%
Magic:  8/8        EV: 27    Int: 15    God:
Gold:   162        SH:  0    Dex: 11    Spells: 2/8 levels left

rFire    . . .     SeeInvis .   b - +0 falchion
rCold    . . .     Faith    .   (no shield)
rNeg     . . .     Spirit   .   (armour unavailable)
rPois    .         Reflect  .   (helmet currently unavailable)
rElec    .         Harm     .   (no cloak)
rCorr    +         Rampage  .   c - +0 pair of gloves
Will     .....                  (boots currently unavailable)
Stlth    ..........             a - amulet of the acrobat
HPRegen  0.20/turn              h - ring of resist corrosion
MPRegen  0.11/turn              (no ring)

@: berserking (expiring), lethally poisoned (0 -> -11), appendages, acrobatic,
very quick
A: horns 2, talons 2, AC +5, unfitting armour, cold-blooded
a: End Transformation


You were on level 4 of the Dungeon.
You had temporarily grown beastly horns and talons.
You visited 1 branch of the dungeon, and saw 4 of its levels.

You collected 162 gold pieces.

Inventory:

Hand Weapons
 b - a +0 falchion (weapon)
Armour
 c - a +0 pair of gloves (worn)
Jewellery
 a - an amulet of the acrobat (around neck)
 h - a ring of resist corrosion (left hand)
Wands
 j - a wand of acid (8)
 k - a wand of iceblast (9)
Scrolls
 d - a scroll of amnesia {unknown}
 i - 2 scrolls of immolation {unknown}
 l - a scroll of noise {unknown}
Potions
 f - a potion of curing {unknown}
 g - a potion of haste {unknown}
 m - a potion of ambrosia {unknown}


   Skills:
 - Level 1.1 Fighting
 - Level 1.7 Dodging
 - Level 3.0 Unarmed Combat
 - Level 2.0 Spellcasting
 + Level 5.3 Transmutations


You had 2 spell levels left.
You knew the following spells:

 Your Spells              Type           Power      Damage    Failure   Level
a - Beastly Appendage     Tmut           34%        N/A       2%          1
b - Spider Form           Tmut/Pois      4%         N/A       22%         3
c - Wereblood             Tmut           17%        N/A       3%          2

Your spell library contained the following spells:

 Spells                   Type           Power      Damage    Failure   Level
 Gell's Gravitas          Tloc           0%         N/A       54%         3
 Lesser Beckoning         Tloc           0%         N/A       54%         3
 Portal Projectile        Hex/Tloc       2%         N/A       54%         3
 Teleport Other           Tloc           1%         N/A       54%         3
 Blade Hands              Tmut           8%         N/A       56%         5
 Ice Form                 Ice/Tmut       9%         N/A       58%         4
 Excruciating Wounds      Necr           0%         N/A       99%         5
 Eringya's Noxious Bog    Tmut/Pois      4%         N/A       100%        6


Dungeon Overview and Level Annotations

Branches:
Dungeon (4/15)
 Temple: D:4-7

Altars:
Elyvilon


Innate Abilities, Weirdness & Mutations

You have temporarily grown beastly horns and talons.
Your plain brown scales are hard. (AC +5)
You cannot fit into any form of body armour.
You are cold-blooded and may be slowed by cold attacks.


Message History

You feel sick.
The scorpion stings you but does no damage.
The scorpion barely misses you.
You hit the scorpion. Your headbutt misses the scorpion.
You tail-slap the scorpion, but do no damage.
The scorpion is heavily wounded.
You feel sick. The scorpion stings you.
You are more poisoned.
The scorpion poisons you! The scorpion closely misses you.
You hit the scorpion. Your kick misses the scorpion.
The scorpion is severely wounded.
You feel very sick. The scorpion stings you.
* * * LOW HITPOINT WARNING * * *
You are more poisoned.
The scorpion poisons you!
It was a potion of berserk rage.
A red film seems to cover your vision as you go berserk!
You feel yourself moving faster!
You feel mighty!
* * * LOW HITPOINT WARNING * * *
You feel very sick.
The scorpion stings you but does no damage.
You slash the scorpion!
You kill the scorpion!
* * * LOW HITPOINT WARNING * * *
You feel very sick.
Your Transmutations skill increases to level 5!
You have reached level 5!
There is a lethal amount of poison in your body!
There is a lethal amount of poison in your body!
There is a lethal amount of poison in your body!
There is a lethal amount of poison in your body!
There is a lethal amount of poison in your body!
* * * LOW HITPOINT WARNING * * *
You feel sick.
You see here a scorpion corpse.
You feel a strong urge to attack something.
* * * LOW HITPOINT WARNING * * *
You feel very sick.
You die...

# #.# # ##### #.# # ###
....####.# # ..# .........# #
#.# ###.###..# #.# #.# #..# #.#
##### #.# #..###
#.#.##...####.###..#.##
#.#......@.......(....##
########.####...###.####......##
(........# #..## #.# #.......#
########.# #..# #.# ##.....##
#.# #..####.# ##...##
#.####.......# ##.##
#......).....# #.#
...#####.#.#.#.####.#######.##
..........###..#.............#


There were no monsters in sight!

Vanquished Creatures
  A scorpion (D:4)
  An adder (D:3)
  2 worms (D:3)
  3 dart slugs
  2 orcs (D:4)
  6 endoplasms
  7 giant cockroaches
  3 goblins
  8 hobgoblins
  5 kobolds
  4 quokkas
  5 ball pythons
  6 bats
  4 frilled lizards (D:1)
  6 rats
63 creatures vanquished.

Notes
Turn   | Place    | Note
-------+----------+-------------------------------------------
     0 | D:1      | barney the Draconian Transmuter began the quest for the
                  | Orb.
     0 | D:1      | Reached XP level 1. HP: 16/16 MP: 3/3
   215 | D:1      | You fall into a shaft and drop 1 floor!
   675 | D:1      | Reached XP level 2. HP: 23/23 MP: 3/5
   828 | D:1      | Reached skill level 3 in Transmutations
   862 | D:1      | Got the Guide on the Shifting Glacier
  1232 | D:1      | Reached XP level 3. HP: 28/28 MP: 6/6
  1238 | D:1      | Found a faded altar of an unknown god.
  2160 | D:2      | Reached skill level 4 in Transmutations
  2501 | D:3      | Found a white marble altar of Elyvilon.
  2577 | D:3      | Learned a level 3 spell: Spider Form
  2580 | D:3      | Learned a level 2 spell: Wereblood
  2987 | D:3      | Reached XP level 4. HP: 35/35 MP: 5/7
  3675 | D:4      | Noticed a scorpion
  3687 | D:4      | Killed a scorpion
  3688 | D:4      | Reached skill level 5 in Transmutations
  3688 | D:4      | Reached XP level 5. HP: 7/40 MP: 8/8
  3689 | D:4      | HP: 2/60 [poisoned by a scorpion]
  3690 | D:4      | Succumbed to a scorpion's poison

Illustrated notes

Levels and vault maps discovered:
D:1:      dpeg_arrival_rhombi, layout_basic, hellmonk_ecumenical_altar_run_dry,
          minmay_misc_feat_ornament, grunt_decor_one_mirror,
          grunt_decor_arrowhead
D:2:      layout_loops_ring
D:3:      layout_basic, elyvilon_altar_4, minmay_increasing_density
D:4:      layout_loops_ring, uniq_crazy_yiuf_cottage, uniq_sigmund, uniq_grinder

Skill      XL: |  1  2  3  4 |
---------------+-------------+-----
Transmutations | 3 4 5 |  5.3
Fighting       | |  1.1
Dodging        | |  1.7
Unarmed Combat | |  3.0
Spellcasting   | |  2.0

Action                   |  1- 3 |  4- 6 || total
-------------------------+-------+-------++-------
Melee: Unarmed           |    16 |       ||    16
       Falchion          |   137 |    28 ||   165
       Kick              |    11 |     4 ||    15
       Tailslap          |    20 |     3 ||    23
       Headbutt          |     4 |     1 ||     5
       Punch             |     1 |       ||     1
 Cast: Beastly Appendage |    18 |     4 ||    22
       Wereblood         |     1 |     1 ||     2
  Use: Potion            |       |     1 ||     1
 Stab: Sleeping          |     2 |       ||     2
Armor: Skin              |    55 |    12 ||    67
Dodge: Dodged            |   127 |    19 ||   146
       Rpst.: Falchion   |    27 |     5 ||    32
